[Event "Late-Titled-Tuesday-Blitz-June-04-2024"]
[Site "Chess.com"]
[Date "2024.06.04"]
[Round "9"]
[White "Evan_Attaker"]
[Black "NoSpaghettiForYou"]
[Result "1/2-1/2"]
[WhiteElo "2697"]
[BlackElo "2564"]
[TimeControl "180+1"]
[EndTime "15:45:06 PDT"]
[Termination "Game drawn - insufficient material"]

1. a3 Nf6 2. c4 e6 3. Nf3 d5 4. e3 Be7 5. b3 O-O 6. Bb2 b6 7. Be2 Bb7 8. d3 Nbd7 9. Qc2 Bd6 10. Nbd2 Qe7 11. O-O e5 12. cxd5 Bxd5 13. Ne4 Nxe4 14. dxe4 Be6 15. Bb5 a6 16. Bc6 Ra7 17.
Rfd1 b5 18. Bxd7 Bxd7 19. Rac1 f6 20. Nh4 g6 21. Nf3 Be6 22. b4 Qf7 23. Qc3 h6 24. Ne1 Kh7 25. Nd3 Bc4 26. Rd2 Re8 27. Rcd1 Raa8 28.
Nc5 f5 29. exf5 gxf5 30. Nb7 Re6 31. Nxd6 cxd6 32. Rxd6 Rae8 33. Rxe6 Rxe6 34. g3 h5 35. h4 Qe7 36. Qd2 Bb3 37. Rc1 Rd6 38. Qc3 Bc4 39.
Qxe5 Qxe5 40. Bxe5 Rd3 41. Ra1 Kg6 42. Bd4 Kf7 43. a4 bxa4 44. Rxa4 Rd1+ 45. Kh2 Bd5 46. Ra1 Rd2 47. Kg1 Bc4 48. Bc5 Ke6 49. g4 fxg4 50. Kg2 Bd5+ 51. Kg3 Bc4 52. Rc1 Bb5 53. e4 Rd3+ 54. Be3 Ke5 55. Rc5+ Kxe4 56. Rxh5 Rb3 57. Rg5 Kd3 58. Rxg4 Bc4 59. h5 Rxb4 60. h6 Rb7 61. Rd4+ Kc3 62. Rd6 Rh7 63. f4 a5 64.
f5 a4 65. Kf4 a3 66. Kg5 a2 67. Bd4+ Kb3 68. Kg6 Rc7 69. h7 Bf7+ 70. Kg5 Rc3 71. h8=Q a1=Q 72. Rb6+ Kc2 73. Bxc3 Qg1+ 74. Kf6 Qxb6+ 75.
Kxf7 Qc7+ 76. Kg6 Qg3+ 77. Kh7 Qh3+ 78. Kg8 Qg4+ 79. Qg7 Qxf5 80. Bf6 Qe6+ 81. Kh7 Qh3+ 82. Kg6 Qg4+ 83. Bg5 Qe6+ 84. Kh5 Qh3+ 85. Kg6 Qe6+ 86. Kh7 Qf5+ 87. Kh8 Qh3+ 88. Bh6 Qc8+ 89. Kh7 Qf5+ 90.
Kg8 Qc8+ 91. Kf7 Qd7+ 92. Kf6 Qxg7+ 93. Bxg7 1/2-1/2

[Event "Late-Titled-Tuesday-Blitz-June-04-2024"]
[Site "Chess.com"]
[Date "2024.06.04"]
[Round "9"]
[White "traviscottofficial"]
[Black "Chessdreamer2020"]
[Result "0-1"]
[WhiteElo "2671"]
[BlackElo "2568"]
[TimeControl "180+1"]
[EndTime "15:45:24 PDT"]
[Termination "Chessdreamer2020 won on time"]

1. c4 e5 2. Nc3 d6 3. g3 f5 4. Bg2 Nf6 5. Nf3 Be7 6. O-O O-O 7. b3 Qe8 8. Bb2 Qh5 9. e3 f4 10. exf4 exf4 11. Re1 Nc6 12. Nd4 Bg4 13. Nxc6 Bxd1 14.
Nxe7+ Kf7 15. Raxd1 f3 16. Bf1 c6 17. Ne4 Rad8 18. h4 h6 19. Nxf6 gxf6 20. Bd3 Rg8 21. Nxg8 Rxg8 22. Re4 Rxg3+ 23. fxg3 f2+ 24. Kxf2 Qxd1 25.
Bc3 Qh1 26. Re1 Qh2+ 27. Kf3 d5 28. cxd5 cxd5 29. Bf5 d4 30. Bxd4 Qxd2 31. Bf2 Qxa2 32. Be6+ Kg7 33. Bd5 Qd2 34. Re7+ Kf8 35. Rd7 Qd3+ 36.
Kg2 Qb5 37. Rf7+ Ke8 38. Bc4 Qc6+ 39. Kg1 b5 40. Rxa7 bxc4 41. bxc4 Qxc4 42. Ra1 Kf7 43. Re1 Kg6 44. Re3 Kf5 45. Rf3+ Kg6 46. Rf4 Qd5 47. Bd4 f5 48. Bf2 Qd3 49. Rd4 Qe2 50. Rd6+ Kh5 51. Rd4 Qf3 52. Rf4 Qd1+ 53. Kh2 Qd5 54. Be3 Qe5 55.
Bf2 Kg6 56. Rd4 Qe2 57. Rf4 h5 58. Kg1 Kf6 59. Bd4+ Ke6 60. Bf2 Qd1+ 61. Kh2 Qc2 62. Kg2 Ke5 63. Rb4 Qc6+ 64. Kh2 Qf3 65. Rf4 Qe2 66.
Kg1 Qd1+ 67. Kg2 Qd5+ 68. Kf1 Qb3 69. Bd4+ Kd5 70. Bf2 Qd1+ 71. Kg2 Qc2 72. Kf3 Ke5 73. Bd4+ Ke6 74. Bf2 Qc6+ 75. Ke2 Qg2 76. Ke3 Ke5 77.
Ke2 Qh2 78. Kf1 Qh1+ 79. Bg1 Qd5 80. Rf2 Ke4 81. Re2+ Kf3 82. Re3+ Kg4 83. Bf2 Kh3 84. Ke2 Qc4+ 85. Ke1 Kg2 0-1

[Event "Late-Titled-Tuesday-Blitz-June-04-2024"]
[Site "Chess.com"]
[Date "2024.06.04"]
[Round "9"]
[White "ACollins05"]
[Black "bazar-wokzal"]
[Result "0-1"]
[WhiteElo "2447"]
[BlackElo "2593"]
[TimeControl "180+1"]
[EndTime "15:45:24 PDT"]
[Termination "bazar-wokzal won by checkmate"]

1. Nf3 c5 2. e3 g6 3. d4 Bg7 4. b3 b6 5. Bb2 Bb7 6. Be2 Nf6 7. O-O O-O 8. c4 cxd4 9. Nxd4 a6 10. Nc3 Qc7 11. Rc1 e6 12. Bf3 Nc6 13. Nd5 Qd8 14. Nxf6+ Bxf6 15. Nxc6 Bxc6 16. Bxf6 Qxf6 17. Bxc6 dxc6 18.
Qd6 Rac8 19. Rfd1 Rfd8 20. Qb4 b5 21. Qc5 Qb2 22. h4 Rxd1+ 23. Rxd1 Qxa2 24. cxb5 Qxb3 25. Rd7 Qxb5 26. Qa7 Rf8 27. Rb7 Qd3 28. Rc7 Qc4 29.
Qb6 Qxh4 30. Rxc6 Rd8 31. Rc1 Rd2 32. g3 Qf6 33. Rf1 Ra2 34. e4 Kg7 35. Qb3 Ra5 36. Qb4 Ra1 37. Qb6 Rxf1+ 38. Kxf1 Qa1+ 39. Kg2 e5 40.
g4 h6 41. Qd8 a5 42. g5 hxg5 43. Qxg5 a4 44. f4 exf4 45. e5 Qb2+ 46. Kf1 Qb1+ 47. Kf2 Qf5 48. Qe7 f3 49. Qc5 Qe4 50. Qd6 Qe2+ 51.
Kg3 Qg2+ 52. Kf4 g5+ 53. Kf5 Qc2+ 54. Kg4 Qe4+ 55. Kg3 Qf5 56. Kf2 g4 57. e6 Qxe6 58. Qd4+ Kg8 59. Qd8+ Kh7 60. Qd3+ Kh6 61. Qd2+ Kg6 62.
Qd3+ f5 63. Qd8 Qe2+ 64. Kg3 Qg2+ 65. Kf4 Qh2+ 66. Ke3 Qh6+ 67. Kf2 Qh2+ 68. Ke3 Qe5+ 69. Kf2 Kf7 70. Qd7+ Kf6 71. Qd8+ Ke6 72. Qe8+ Kd6 73.
Qb8+ Kd5 74. Qb5+ Kd4 75. Qb2+ Ke4 76. Qc2+ Kd5 77. Qa2+ Kd6 78. Qd2+ Qd5 79. Qf4+ Kc6 80. Qxa4+ Qb5 81. Qa8+ Kc5 82. Qc8+ Kb4 83. Qc2 Qc5+ 84. Qxc5+ Kxc5 85. Kg3 Kd4 86. Kf2 Ke4 87. Kg3 Ke3 88. Kh2 f2 89. Kg3 Ke2 90. Kh4 f1=Q 91. Kg5 g3 92. Kf6 g2 93. Ke7 g1=Q 94. Kd6 Qd1+ 95. Ke5 Qge1 96. Kf6 Kf1 97. Kf7 f4 98. Kf6 f3 99. Kg5 f2 100. Kg6 Kg1 101. Kg7 f1=Q 102. Kg8 Qg2+ 103. Kh7 Qef2 104. Kh6 Qd6+ 105. Kh7 Qh4# 0-1

[Event "Late-Titled-Tuesday-Blitz-June-04-2024"]
[Site "Chess.com"]
[Date "2024.06.04"]
[Round "9"]
[White "Rud_Makarian"]
[Black "IlyaGrigorjev"]
[Result "1/2-1/2"]
[WhiteElo "2998"]
[BlackElo "2871"]
[TimeControl "180+1"]
[EndTime "15:45:35 PDT"]
[Termination "Game drawn - insufficient material"]

1. d4 Nf6 2. c4 g6 3. Nc3 d5 4. Bf4 Bg7 5. e3 O-O 6. Rc1 Be6 7. Nf3 dxc4 8. Ng5 Bg4 9. f3 Bc8 10. Bxc4 Nh5 11. Bg3 e6 12. f4 c5 13. d5 h6 14.
Nf3 exd5 15. Bxd5 Qe7 16. e4 Rd8 17. O-O Nc6 18. Qe1 Nxg3 19. Qxg3 Be6 20. Rce1 Nb4 21. Bxe6 Qxe6 22. f5 Qb6 23. e5 Nd3 24. Re4 c4+ 25. Kh1 Qxb2 26. fxg6 Qxc3 27. gxf7+ Kh8 28. e6 Nc5 29.
Rg4 Qf6 30. Rg6 Ne4 31. Qg4 Nf2+ 32. Rxf2 Rd1+ 33. Ng1 Qxf2 34. Qxd1 Qf5 35. Rxg7 Kxg7 36. Qd4+ Qf6 37. Qg4+ Kh8 38. Qe4 c3 39. h3 c2 40.
Qxc2 Qxe6 41. Qc3+ Kh7 42. Qc2+ Kg7 43. Qb2+ Qf6 44. Qxb7 Rf8 45. Qxa7 Rxf7 46. Qe3 Qf2 47. Qe4 Qf5 48. Qd4+ Qf6 49. Qg4+ Qg6 50. Qe2 Qf6 51.
Nf3 Qa1+ 52. Kh2 Ra7 53. Qf2 Qxa2 54. Qg3+ Kf8 55. Qf4+ Qf7 56. Qxh6+ Kg8 57. Qg5+ Qg7 58. Qd8+ Kh7 59. Qd3+ Kg8 60. Qd5+ Kh7 61. Qf5+ Kg8 62. h4 Qc7+ 63. g3 Ra2+ 64. Kh3 Ra7 65. Qg5+ Qg7 66.
Qd5+ Qf7 67. Qd8+ Kg7 68. Qg5+ Kf8 69. Qe5 Qd7+ 70. g4 Ra3 71. Qc5+ Qe7 72. Qxe7+ Kxe7 73. Kg3 Kf6 74. h5 Rb3 75. Kf4 Rb4+ 76. Kg3 Rb3 77. h6 Kg6 78. g5 Ra3 79. Kf4 Ra4+ 80.
Ke5 Ra5+ 81. Ke6 Ra6+ 82. Kd5 Ra5+ 83. Ke4 Ra4+ 84. Ke3 Ra3+ 85. Kf2 Ra4 86. Kg3 Rb4 87. Ne5+ Kxg5 88. h7 Rb8 89. h8=Q Rxh8 90. Nf7+ Kf6 91.
Nxh8 1/2-1/2

[Event "Late-Titled-Tuesday-Blitz-June-04-2024"]
[Site "Chess.com"]
[Date "2024.06.04"]
[Round "9"]
[White "HowTo2Draw"]
[Black "Kielinkei"]
[Result "1/2-1/2"]
[WhiteElo "2590"]
[BlackElo "2458"]
[TimeControl "180+1"]
[EndTime "15:47:18 PDT"]
[Termination "Game drawn by repetition"]

1. c4 Nf6 2. g3 e6 3. Bg2 d5 4. Nf3 Be7 5. O-O O-O 6. d4 dxc4 7. Qc2 a6 8. a4 Bd7 9. Qxc4 Bc6 10. Bf4 Nd5 11. Nc3 Nxf4 12. gxf4 Nd7 13. e3 Nb6 14. Qe2 Nd5 15. Ne5 Nxc3 16. bxc3 Bxg2 17. Kxg2 Bd6 18.
Qf3 Bxe5 19. fxe5 b5 20. axb5 axb5 21. Rxa8 Qxa8 22. Qxa8 Rxa8 23. Rb1 c6 24. c4 Rb8 25. Kf3 Kf8 26. Ke2 Ke7 27. Kd2 Kd7 28. Kc3 Kc7 29.
Ra1 Kb6 30. Kb4 f6 31. cxb5 cxb5 32. Ra5 Kc6 33. Ra6+ Rb6 34. Ra7 fxe5 35. dxe5 Kd5 36. Rxg7 Kxe5 37. Rxh7 Rd6 38. Kxb5 Rd2 39. Rf7 Rd1 40.
Rf4 Rc1 41. Kb4 Kd5 42. Rd4+ Ke5 43. h4 Kf5 44. Rf4+ Kg6 45. Rg4+ Kf5 46. Rf4+ Kg6 47. Kb3 e5 48. Rg4+ Kf5 49. Rg5+ Kf6 50. Rg2 Rh1 51. Kc3 Rxh4 52. Kd3 Ra4 53. Ke2 Kf5 54.
Rg8 Kf6 55. Kf3 Ke6 56. Kg3 Kf6 57. Rg4 Ra1 58. Rb4 Ke6 59. Kg4 Rg1+ 60. Kf3 Rg8 61. Rb5 Rf8+ 62. Ke2 Rg8 63. Rb6+ Kf5 64. Rb1 Rd8 65.
Rb5 Kf6 66. Kf3 Rh8 67. Ke4 Rh4+ 68. Kd3 Rh8 69. Ra5 Rd8+ 70. Ke2 Rc8 71. Ra6+ Kf5 72. Ra4 Rd8 73. Kf3 Rc8 74. Ra5 Kf6 75. Kg4 Rg8+ 76. Kf3 Rc8 77. Ra6+ Kf5 78. e4+ Kg5 79. Re6 Rc3+ 80. Kg2 Kf4 81. f3 Rc2+ 82. Kg1 Kg3 83.
Kf1 Kxf3 84. Ke1 Kxe4 85. Re8 Kd4 86. Rh8 Rg2 87. Rh3 Ra2 88. Rb3 Rh2 89. Ra3 Ke4 90. Kf1 Kf4 91. Ke1 Rb2 92. Rc3 Rb4 93. Ke2 Re4+ 94.
Kf2 Rd4 95. Rf3+ Ke4 96. Re3+ Kd5 97. Ra3 Rb4 98. Ke3 Rh4 99. Ra5+ Ke6 100. Ra8 Rh3+ 101. Ke4 Rh4+ 102. Kf3 Rb4 103. Ke3 Kf5 104. Rf8+ Ke6 105. Rh8 Rb3+ 106. Ke4 Rb4+ 107. Kd3 Kd5 108. Rd8+ Kc5 109. Ke3 Rh4 110. Rd7 Kc6 111. Rd8 Kc7 112. Re8 Kd6 113. Ra8 Ke6 114. Ra7 Rh3+ 115. Ke4 Rh4+ 116. Kf3 Rh8 117. Ra6+ Kf5 118. Ra4 Rh3+ 119. Ke2 Rg3 120. Rb4 Ra3 121. Rh4 Rg3 122. Rh5+ Ke4 123. Rh4+ Kd5 124. Rh8 Ra3 125. Kd2 Kd4 126. Rd8+ Ke4 127. Ke2 Ra2+ 128. Kd1 Ke3 129. Re8 Ra1+ 130. Kc2 e4 131. Re7 Ra8 132. Kd1 Ra1+ 133. Kc2 Rh1 134. Re8 Kf3 135. Kd2 Rh2+ 136. Ke1 Rh1+ 137. Kd2 Rb1 138. Kc2 Re1 139. Kd2 Re2+ 140. Kd1 Ra2 141. Re7 Ke3 142. Re8 Ra1+ 143. Kc2 Kf3 144. Kd2 Ra2+ 145. Ke1 Ke3 146. Kd1 Kf3 147. Rf8+ Ke3 148. Re8 1/2-1/2

[Event "Late-Titled-Tuesday-Blitz-June-04-2024"]
[Site "Chess.com"]
[Date "2024.06.04"]
[Round "10"]
[White "MaiqMaster"]
[Black "HowTo2Draw"]
[Result "0-1"]
[WhiteElo "2451"]
[BlackElo "2595"]
[TimeControl "180+1"]
[EndTime "15:48:59 PDT"]
[Termination "HowTo2Draw won by resignation"]

1. e4 c6 2. Nf3 d5 3. d3 dxe4 4. dxe4 Qxd1+ 5. Kxd1 f6 6. Ne1 e5 7. Nd2 Be6 8. Bc4 Kf7 9. Nd3 Nd7 10. a4 Nc5 11.
Nxc5 Bxc5 12. f3 Rd8 13. Ke2 Rxd2+ 0-1

[Event "Late-Titled-Tuesday-Blitz-June-04-2024"]
[Site "Chess.com"]
[Date "2024.06.04"]
[Round "10"]
[White "mbojan"]
[Black "Pachonpower"]
[Result "1-0"]
[WhiteElo "2826"]
[BlackElo "2407"]
[TimeControl "180+1"]
[EndTime "15:49:26 PDT"]
[Termination "mbojan won by resignation"]

1. e4 e6 2. d4 d5 3. Nc3 dxe4 4. Nxe4 Nd7 5. Nf3 Ngf6 6. Nxf6+ Nxf6 7. c3 b6 8. Bb5+ Bd7 9. Bd3 Bc6 10. O-O Qd5 11. Re1 Bd6 12. Bg5 h6 13. Bxf6 gxf6 14. Be4 Qb5 15. a4 Qc4 16. Nd2 1-0

[Event "Late-Titled-Tuesday-Blitz-June-04-2024"]
[Site "Chess.com"]
[Date "2024.06.04"]
[Round "10"]
[White "Oleksandr_Bortnyk"]
[Black "rezamahdavi2008"]
[Result "1-0"]
[WhiteElo "3061"]
[BlackElo "2961"]
[TimeControl "180+1"]
[EndTime "15:51:00 PDT"]
[Termination "Oleksandr_Bortnyk won by resignation"]

1. e4 e5 2. Bc4 Nf6 3. d3 Bc5 4. Nc3 O-O 5. Bg5 h6 6. Bh4 Be7 7. Nf3 Nc6 8. O-O d6 9. h3 Be6 10.
Bb3 g5 11. Bg3 Kg7 12. d4 Bxb3 13. axb3 Nh5 14. d5 Nxg3 15. fxg3 Nb8 16. Nd2 Nd7 17. Nc4 f5 18. Rxf5 Rxf5 19. exf5 Nf6 20. Qd3 Qd7 21. g4 c6 22. Nb6 1-0

[Event "Late-Titled-Tuesday-Blitz-June-04-2024"]
[Site "Chess.com"]
[Date "2024.06.04"]
[Round "10"]
[White "Stanbad1"]
[Black "K_A_S_T_O_R"]
[Result "1/2-1/2"]
[WhiteElo "2669"]
[BlackElo "2858"]
[TimeControl "180+1"]
[EndTime "15:51:03 PDT"]
[Termination "Game drawn by agreement"]

1. d4 Nf6 2. Nc3 d6 3. e4 e5 4. dxe5 dxe5 5. Qxd8+ Kxd8 6. Bc4 Ke8 7. Be3 a6 8. f3 Nbd7 9. Nge2 Bc5 10. Kf2 b5 11. Bb3 c6 12. a4 Rb8 13. axb5 axb5 14. Rhd1 Ke7 15. Nb1 Bxe3+ 16. Kxe3 Bb7 17. c3 Ra8 18. Nd2 Nb6 19. c4 Nfd7 20. cxb5 cxb5 21. Nc3 Bc6 22. Na2 Nc5 23. Nb4 Bb7 24. Rac1 Rac8 25. Ba2 Rhd8 26. Nb1 Rxd1 27. Rxd1 Nca4 28. Rd2 Rc1 29. Na3 Nc4+ 30. Bxc4 bxc4 31. Nb5 c3 32. Nxc3 Nxc3 33. bxc3 Rxc3+ 34. Rd3 Rc1 35. Nd5+ 1/2-1/2

[Event "Late-Titled-Tuesday-Blitz-June-04-2024"]
[Site "Chess.com"]
[Date "2024.06.04"]
[Round "10"]
[White "lluiss"]
[Black "meme0105"]
[Result "1-0"]
[WhiteElo "2210"]
[BlackElo "1836"]
[TimeControl "180+1"]
[EndTime "15:51:07 PDT"]
[Termination "lluiss won by resignation"]

1. Nf3 g6 2. d4 Bg7 3. c4 f5 4. g3 Nf6 5. Bg2 d5 6. O-O c6 7. cxd5 cxd5 8. Nc3 O-O 9. Bf4 Ne4 10. Rc1 Nc6 11. Ne5 Nxe5 12. Bxe5 Bxe5 13. dxe5 Qa5 14. Qxd5+ Qxd5 15. Nxd5 Kf7 16. f3 Ng5 17. f4 Ne6 18.
Nc7 Nxc7 19. Rxc7 Rb8 20. Bd5+ Be6 21. Bxb7 Bxa2 22. Ra1 Bc4 23. Rxa7 Bxe2 24. Bd5+ Kg7 25. Rxe7+ Kh6 1-0

[Event "Late-Titled-Tuesday-Blitz-June-04-2024"]
[Site "Chess.com"]
[Date "2024.06.04"]
[Round "10"]
[White "dropstoneDP"]
[Black "merinasian"]
[Result "1-0"]
[WhiteElo "2941"]
[BlackElo "2512"]
[TimeControl "180+1"]
[EndTime "15:51:30 PDT"]
[Termination "dropstoneDP won by resignation"]

1. d4 Nf6 2. c4 e6 3. Nf3 Bb4+ 4.
Nbd2 b6 5. a3 Bxd2+ 6. Qxd2 Bb7 7.
g3 O-O 8. Bg2 c5 9. O-O cxd4 10.
b4 d5 11. Nxd4 Nbd7 12. Bb2 Rc8 13. Rac1 a6 14. Rfd1 Qe7 15. cxd5 Bxd5 16. Bxd5 Nxd5 17. Rxc8 Rxc8 18. Nf5 exf5 19. Qxd5 Nf8 20. e3 Qe4 21. Qxe4 fxe4 22. Rd6 Rc2 23. Bd4 Ra2 24. Bxb6 Rxa3 25. Rd8 1-0

[Event "Late-Titled-Tuesday-Blitz-June-04-2024"]
[Site "Chess.com"]
[Date "2024.06.04"]
[Round "10"]
[White "ENajer77"]
[Black "Shankland"]
[Result "0-1"]
[WhiteElo "2856"]
[BlackElo "2976"]
[TimeControl "180+1"]
[EndTime "15:51:33 PDT"]
[Termination "Shankland won by resignation"]

1. e4 c5 2. Nc3 Nc6 3. Bb5 Nd4 4.
Nf3 e6 5. O-O a6 6. Bd3 Nc6 7. Re1 d6 8. Bf1 Nf6 9. d4 cxd4 10. Nxd4 Bd7 11. Nb3 Be7 12. Bf4 Ne5 13. Bg3 h5 14. f4 Neg4 15. e5 dxe5 16. fxe5 Qb6+ 17. Kh1 h4 0-1

[Event "Late-Titled-Tuesday-Blitz-June-04-2024"]
[Site "Chess.com"]
[Date "2024.06.04"]
[Round "10"]
[White "AlexeiShirov"]
[Black "nihalsarin"]
[Result "0-1"]
[WhiteElo "2894"]
[BlackElo "3216"]
[TimeControl "180+1"]
[EndTime "15:51:47 PDT"]
[Termination "nihalsarin won by resignation"]

1. e4 c5 2. Nf3 e6 3. d4 cxd4 4. Nxd4 a6 5. c4 Nf6 6. Nc3 Qc7 7. a3 b6 8. Be3 Bb7 9. f3 Nc6 10.
Rc1 Nxd4 11. Bxd4 Bd6 12. Na4 Bxh2 13. Bxb6 Bg3+ 14. Ke2 Qb8 15. Bc5 Bc6 16. Nb6 Ra7 17.
b4 Rb7 18. Na4 Bf4 19. Rc3 d6 20. Be3 Bxe3 21. Rxe3 O-O 22. Nc3 Rc8 23. Kf2 Be8 24. Qd4 h6 25. Be2 Rd7 26. Rd1 Rdd8 27. Rd2 Nh5 28. Bf1 Nf4 29. g3 e5 0-1

[Event "Late-Titled-Tuesday-Blitz-June-04-2024"]
[Site "Chess.com"]
[Date "2024.06.04"]
[Round "10"]
[White "simaopdias"]
[Black "Nemsko"]
[Result "1-0"]
[WhiteElo "2226"]
[BlackElo "2312"]
[TimeControl "180+1"]
[EndTime "15:51:57 PDT"]
[Termination "simaopdias won by resignation"]

1. e4 e5 2. Nf3 Nc6 3. Bc4 Bc5 4.
c3 Nf6 5. d3 a6 6. Bb3 O-O 7. Nbd2 d6 8. O-O Be6 9. Re1 h6 10. h3 Re8 11. Nh2 Ba7 12. Ndf1 d5 13. Qf3 dxe4 14. dxe4 Bxb3 15. axb3 Qe7 16. Be3 Qe6 17.
b4 Bxe3 18. Nxe3 Ne7 19. Rad1 Rad8 20. Nhg4 Nxg4 21. Qxg4 Qxg4 22. Nxg4 f6 23. Ne3 c6 24. Kf1 Kf7 25. Ke2 Ke6 26. Nc4 Nc8 27. Na5 Nd6 28.
Rxd6+ Rxd6 29. Nxb7 Red8 30. Nxd6 Rxd6 31. Ra1 f5 32.
exf5+ Kxf5 33. Rxa6 Rg6 34. g3 Re6 35. Ke3 Kf6 36. Ke4 Rd6 37. b5 1-0

[Event "Late-Titled-Tuesday-Blitz-June-04-2024"]
[Site "Chess.com"]
[Date "2024.06.04"]
[Round "10"]
[White "NoSpaghettiForYou"]
[Black "Kapitan_Bayan"]
[Result "0-1"]
[WhiteElo "2553"]
[BlackElo "2426"]
[TimeControl "180+1"]
[EndTime "15:52:16 PDT"]
[Termination "Kapitan_Bayan won by resignation"]

1. Nc3 c5 2. Nf3 d6 3. e4 Nf6 4. h3 a6 5. a4 e6 6. d4 cxd4 7. Nxd4 Be7 8. Be2 O-O 9. Be3 b6 10. O-O Bb7 11. Bf3 Qc7 12. Nb3 Nbd7 13. a5 b5 14. g3 Rac8 15. Rc1 b4 16. Na4 Bxe4 17. Bxe4 Nxe4 18. Qd3 d5 19. Qxa6 Nxg3 20. Bb6 Qb8 21. fxg3 Qxg3+ 22. Kh1 Qxh3+ 23. Kg1 Qg3+ 24. Kh1 Rc4 25.
Nd4 e5 26. Rf3 Qh4+ 27. Kg2 exd4 28. Rh1 Qg4+ 29. Rg3 Rxc2+ 30. Kf1 Qxg3 31. Bxd4 Qg2+ 32. Ke1 Qxh1+ 33. Qf1 Rc1+ 0-1

[Event "Late-Titled-Tuesday-Blitz-June-04-2024"]
[Site "Chess.com"]
[Date "2024.06.04"]
[Round "10"]
[White "Romkachess"]
[Black "CrushingKings"]
[Result "0-1"]
[WhiteElo "2521"]
[BlackElo "2621"]
[TimeControl "180+1"]
[EndTime "15:52:18 PDT"]
[Termination "CrushingKings won by checkmate"]

1. e4 g6 2. d4 Bg7 3. Nc3 c6 4. Be3 d6 5. h4 d5 6. h5 dxe4 7. Nxe4 Nf6 8. Nxf6+ exf6 9. Qd2 g5 10. h6 Bf8 11.
Bc4 Be6 12. Bb3 Nd7 13. Ne2 Nb6 14. Ng3 Nd5 15. Ne4 Be7 16. O-O-O a5 17. c4 Nxe3 18. fxe3 a4 19. Bc2 Bxc4 20. Ng3 Bxa2 21. Nf5 Be6 22. Ng7+ Kf8 23. Qc3 Qb6 24. e4 a3 25. b3 a2 26. Kb2 Qa5 27. Qf3 Ba3+ 28. Ka1 Bg4 29. Qg3 Bxd1 30. Rxd1 Bb4 31. Rd3 Qa3 32. Qe3 Qb2+ 33.
Kxb2 a1=Q# 0-1

[Event "Late-Titled-Tuesday-Blitz-June-04-2024"]
[Site "Chess.com"]
[Date "2024.06.04"]
[Round "10"]
[White "Eduard_Limonov"]
[Black "MaestroCheck"]
[Result "1-0"]
[WhiteElo "2838"]
[BlackElo "2641"]
[TimeControl "180+1"]
[EndTime "15:52:19 PDT"]
[Termination "Eduard_Limonov won by resignation"]

1. e4 c5 2. c3 Nf6 3. e5 Nd5 4. d4 cxd4 5. Nf3 d6 6. Qxd4 e6 7. exd6 Nc6 8. Bb5 Bd7 9. Bxc6 Bxc6 10. Ne5 Qxd6 11. O-O Rc8 12. Na3 Qc5 13. Nxc6 Qxc6 14. Nc2 a6 15. Ne3 Nf6 16. Ng4 Be7 17. Bg5 Qc5 18.
Nxf6+ gxf6 19. Bxf6 Qxd4 20. Bxd4 f6 21. f4 Kf7 22.
Rad1 Rhg8 23. Rd3 Rcd8 24. Rh3 Rg7 25. Re1 Bd6 26. Rh6 Be7 27. Kf2 Rh8 28. h3 Rg6 29.
Rh5 h6 30. g4 Bd6 31. Kf3 Rhg8 32. Rxe6 Kxe6 33. f5+ Ke7 34. fxg6 Rxg6 35. Be3 Rg5 36. Bxg5 hxg5 37. Rh7+ 1-0

[Event "Late-Titled-Tuesday-Blitz-June-04-2024"]
[Site "Chess.com"]
[Date "2024.06.04"]
[Round "10"]
[White "AustinThomas12345"]
[Black "AndresDelgado77"]
[Result "1-0"]
[WhiteElo "2487"]
[BlackElo "2356"]
[TimeControl "180+1"]
[EndTime "15:52:22 PDT"]
[Termination "AustinThomas12345 won by resignation"]

1. e4 e6 2. d4 d5 3. e5 c5 4. c3 Nc6 5. Nf3 Qb6 6. a3 a5 7. Be2 Nh6 8. O-O cxd4 9. cxd4 Nf5 10. Nc3 Ncxd4 11. Nxd4 Qxd4 12. Bb5+ Bd7 13. Bxd7+ Kxd7 14. Qb3 Rb8 15. Qb5+ Kd8 16. Qxa5+ b6 17. Qa7 Rc8 18. Bg5+ Be7 19. Bxe7+ Nxe7 20. Nb5 Qc5 21. Nd6 Rf8 22. Nb7+ 1-0

[Event "Late-Titled-Tuesday-Blitz-June-04-2024"]
[Site "Chess.com"]
[Date "2024.06.04"]
[Round "10"]
[White "Szparu"]
[Black "NikitaShnadrygin"]
[Result "1-0"]
[WhiteElo "2970"]
[BlackElo "2709"]
[TimeControl "180+1"]
[EndTime "15:52:36 PDT"]
[Termination "Szparu won by resignation"]

1. Nf3 Nf6 2. d4 g6 3. Bg5 Bg7 4. Nbd2 d5 5. c3 O-O 6. e3 Ne4 7. Nxe4 dxe4 8. Nd2 h6 9. Bf4 f5 10. h4 Nc6 11. Nc4 Be6 12. b4 a6 13. a4 Kh7 14. b5 Nb8 15. Ne5 Nd7 16. bxa6 bxa6 17.
Nc6 Qe8 18. c4 Nc5 19. d5 Bxa1 20. Qxa1 Bd7 21. Ne5 h5 22. Be2 Bxa4 23. Qa3 Nd3+ 24. Bxd3 exd3 25. Nxd3 Bc2 26. Nc5 c6 27. Ne6 Rf6 28. Qc3 Be4 29. f3 cxd5 30. Nc7 Qb8 31. O-O Ra7 32. Nxd5 1-0

[Event "Late-Titled-Tuesday-Blitz-June-04-2024"]
[Site "Chess.com"]
[Date "2024.06.04"]
[Round "10"]
[White "Roedor"]
[Black "Attacker_2006"]
[Result "1-0"]
[WhiteElo "2381"]
[BlackElo "2492"]
[TimeControl "180+1"]
[EndTime "15:52:44 PDT"]
[Termination "Roedor won by resignation"]

1. d4 d5 2. c4 e6 3. g3 Nf6 4. Bg2 Bb4+ 5. Nd2 O-O 6. Nf3 c6 7. O-O Nbd7 8. Qc2 Re8 9. a3 Be7 10. e4 dxe4 11. Nxe4 Nf8 12. Rd1 Ng6 13. b3 Qc7 14.
Bb2 b6 15. Ne5 Bb7 16. Nxg6 hxg6 17. c5 Nd5 18. b4 a5 19. Nc3 axb4 20. Nxd5 exd5 21.
axb4 bxc5 22. bxc5 Bf6 23. Bc3 Ba6 24. h4 Bc4 25. Re1 Rxa1 26. Rxa1 Re2 27. Qd1 Qe7 28. Bf1 Re4 29. Bxc4 dxc4 30. h5 gxh5 31. Ra8+ Qe8 32. Rxe8+ Rxe8 33. Qxh5 1-0

[Event "Late-Titled-Tuesday-Blitz-June-04-2024"]
[Site "Chess.com"]
[Date "2024.06.04"]
[Round "10"]
[White "SahaNeelash"]
[Black "Maus7"]
[Result "1-0"]
[WhiteElo "2694"]
[BlackElo "2570"]
[TimeControl "180+1"]
[EndTime "15:52:51 PDT"]
[Termination "SahaNeelash won by checkmate"]

1. d4 Nf6 2. Bg5 e6 3. Nd2 c5 4. e4 h6 5. Bh4 d5 6. exd5 exd5 7. Bb5+ Nc6 8. Qe2+ Be6 9. Ngf3 Bd6 10. dxc5 Bxc5 11. Nb3 Be7 12. Nfd4 Bd7 13. Bxf6 gxf6 14. O-O-O a6 15.
Bxc6 bxc6 16. Rhe1 Kf8 17. Na5 Rc8 18. Nb7 Qe8 19. Qf3 Rc7 20. Nd6 Qb8 21. N4f5 Bd8 22.
Qh5 Be6 23. Nd4 Re7 24. Rxe6 fxe6 25. Nxe6+ Kg8 26. Qg6+ Rg7 27. Qxg7# 1-0

[Event "Late-Titled-Tuesday-Blitz-June-04-2024"]
[Site "Chess.com"]
[Date "2024.06.04"]
[Round "10"]
[White "Timurist"]
[Black "Heydarli77"]
[Result "0-1"]
[WhiteElo "2341"]
[BlackElo "2464"]
[TimeControl "180+1"]
[EndTime "15:52:58 PDT"]
[Termination "Heydarli77 won by resignation"]

1. e4 c5 2. Nc3 Nc6 3. f4 d6 4. Nf3 g6 5. Bb5 Bg7 6. O-O e6 7. Bxc6+ bxc6 8. d3 Ne7 9. Be3 O-O 10. Rb1 Qa5 11. Qd2 Bd7 12. e5 Nf5 13. Bf2 d5 14. b3 Qb4 15. Na4 Nd4 16. Bxd4 Qxd2 17. Nxd2 cxd4 18.
Nf3 Rfc8 19. Nc5 Be8 20. Nxd4 Bf8 21. b4 a5 22. a3 axb4 23. axb4 Rcb8 24. c3 Ra3 25.
Rfc1 Rba8 26. Ndb3 Kg7 27. Na5 Bxc5+ 28. d4 Bb6 29. Ra1 Rxc3 30. Rxc3 Bxd4+ 0-1

[Event "Late-Titled-Tuesday-Blitz-June-04-2024"]
[Site "Chess.com"]
[Date "2024.06.04"]
[Round "10"]
[White "Duhless"]
[Black "BogdanDeac"]
[Result "1-0"]
[WhiteElo "3115"]
[BlackElo "3022"]
[TimeControl "180+1"]
[EndTime "15:53:03 PDT"]
[Termination "Duhless won by resignation"]

1. e4 e5 2. Nf3 Nf6 3. Nxe5 d6 4.
Nf3 Nxe4 5. Nc3 Nf6 6. d4 g6 7. h3 Bg7 8. Bd3 O-O 9. O-O Nc6 10. a3 a6 11. Bg5 h6 12. Bh4 Ne7 13. Re1 Bf5 14.
Rxe7 Qxe7 15. Bxf5 gxf5 16. Nd5 Qd8 17. Qd3 c6 18. Ne3 Qe8 19. Bxf6 Bxf6 20. Nxf5 Qd7 21. Nxh6+ Kh8 22. Qe4 Rae8 23. Qf4 Re6 24. Nf5 Qd8 25. Qh6+ Kg8 26. Ng5 1-0

[Event "Late-Titled-Tuesday-Blitz-June-04-2024"]
[Site "Chess.com"]
[Date "2024.06.04"]
[Round "10"]
[White "andrejljepic"]
[Black "VladimirBugayev"]
[Result "1-0"]
[WhiteElo "2438"]
[BlackElo "2342"]
[TimeControl "180+1"]
[EndTime "15:53:05 PDT"]
[Termination "andrejljepic won by checkmate"]

1. d4 Nf6 2. Bg5 d5 3. Bxf6 exf6 4. e3 Bd6 5. c4 dxc4 6. Bxc4 Nd7 7. Nc3 c6 8. Nf3 f5 9. O-O Nf6 10. a4 a5 11. Ne5 O-O 12. f4 Bb4 13. Qb3 Qe7 14. Rad1 Be6 15. Bxe6 fxe6 16. Nd3 Nd5 17. Nxd5 exd5 18.
Ne5 Kh8 19. Rf3 g5 20. Rh3 Rg8 21. Rf1 Raf8 22. fxg5 Rxg5 23. Rf4 Bd6 24. Rfh4 Rg7 25. Rxh7+ Kg8 26. Rh8# 1-0